 Dungeon Crawl Stone Soup version 0.30.1-11-g7821555f0a (webtiles) character file.

Game seed: 730873639965644003

154492 diecastcamel the Warrior (level 17, 0/150 HPs)
             Began as a Demonspawn Berserker on Oct 25, 2023.
             Was the Champion of Trog.
             Succumbed to poison (poison gas)
             ... on level 4 of the Swamp on Nov 2, 2023.
             The game lasted 02:42:59 (34682 turns).

diecastcamel the Warrior (Demonspawn Berserker)    Turns: 34682, Time: 02:43:00

Health: 0/150      AC: 27    Str: 31    XL:     17   Next: 6%
Magic:  26/26      EV: 14    Int: 14    God:    Trog [******]
Gold:   1844       SH: 15    Dex: 13    Spells: 16/16 levels left

rFire   + .          .
                       - Unarmed
rCold   . . .        G - +0 kite shield
rNeg    + . .        O - +2 crystal plate armour "Keskakh" {MP+9}
rPois   .            (helmet unavailable)
rElec   +            M - +1 cloak
rCorr   .            (gloves unavailable)
SInv    .            q - +0 pair of boots "Zucsaden" {*Corrode rElec Str+3}
Will    ++...        b - amulet of Bammafamu {Regen+ Int+3 Slay+2} Stlth
                     u - ring "Vawuxze" {rF+ rN+ Will+ Str+5}
HPRegen 1.25/turn    l - +5 ring of evasion
MPRegen 0.20/turn

%: corrode self (3%)
@: lethally poisoned (0 -> -48), hasted, very quick
A: claws 3, horns 3, foul stench 2, condensation shield, weakness stinger 2
a: Renounce Religion, Berserk, Trog's Hand, Brothers in Arms


You were on level 4 of the Swamp.
You worshipped Trog.
Trog was exalted by your worship.
You visited 5 branches of the dungeon, and saw 29 of its levels.
You visited 1 bazaar.
You also visited: Ossuary and Gauntlet.

You collected 2928 gold pieces.
You spent 1084 gold pieces at shops.

Inventory:

Missiles
 e - 10 atropa-tipped darts
 m - 5 curare-tipped darts
 t - 58 poisoned darts
 V - 5 silver javelins
Armour
 q - the +0 pair of boots "Zucsaden" (worn) {*Corrode rElec Str+3}
   (You found it on level 1 of the Spider Nest)

   Str:       It affects your strength (+3).
   rElec:     It insulates you from electricity.
   *Corrode:  It may corrode you when you take damage.
 G - a +0 kite shield (worn)
 M - a +1 cloak (worn)
 O - the +2 crystal plate armour "Keskakh" (worn) {MP+9}
   (You acquired it on level 10 of the Dungeon)

   MP:        It affects your magic capacity (+9).
Jewellery
 b - the amulet of Bammafamu (around neck) {Regen+ Int+3 Slay+2}
   (You found it in a Gauntlet)

   [amulet of regeneration]

   Int:       It affects your intelligence (+3).
   Slay:      It affects your accuracy & damage with ranged weapons and melee
   (+2).
   Regen:     It increases your rate of health regeneration.
 f - a ring of see invisible
 l - a +5 ring of evasion (right claw)
 u - the ring "Vawuxze" (left claw) {rF+ rN+ Will+ Str+5}
   (You bought it in a shop on level 2 of the Orcish Mines)

   [ring of positive energy]

   Str:       It affects your strength (+5).
   rF:        It protects you from fire.
   rN:        It protects you from negative energy.
   Will:      It increases your willpower.
 y - a ring of flight
 B - a ring of fire
 N - a ring of ice
 Q - a ring of positive energy
 Y - a ring of protection from cold
Wands
 a - a wand of polymorph (16)
 E - a wand of mindburst (1)
 J - a wand of roots (5)
 P - a wand of paralysis (14)
 T - a wand of flame (14)
 U - a wand of light (14) (quivered)
Scrolls
 d - 11 scrolls of vulnerability
 i - a scroll of magic mapping
 k - 15 scrolls of teleportation
 o - 4 scrolls of poison
 p - a scroll of torment
 r - 5 scrolls of immolation
 s - a scroll of summoning
 w - 4 scrolls of fog
 F - 4 scrolls of enchant armour
 I - a scroll of brand weapon
 Z - 7 scrolls of identify
Potions
 c - a potion of heal wounds
 g - 3 potions of cancellation
 h - 3 potions of invisibility
 j - 7 potions of haste
 n - 7 potions of lignification
 v - 6 potions of might
 x - 3 potions of ambrosia
 z - 6 potions of resistance
 C - 3 potions of flight
 D - 5 potions of mutation
 K - 3 potions of magic
 L - 2 potions of attraction
Miscellaneous
 A - a lightning rod (4/4)
 R - a tin of tremorstones (inert)
 S - a phial of floods
 W - a box of beasts
 X - a phantom mirror


   Skills:
 + Level 18.2 Fighting
 - Level 4.5 Axes
 + Level 11.9 Armour
 + Level 11.1 Dodging
 + Level 9.5 Shields
 + Level 15.4 Unarmed Combat
 - Level 8.0 Evocations


You had 16 spell levels left.
You didn't know any spells.
Your spell library was empty.

Dungeon Overview and Level Annotations

Branches:
Dungeon (15/15)            Temple (0/1) D:7            Lair (5/5) D:11
  Swamp (4/4) Lair:3       Spider (3/4) Lair:3        Slime (0/5) Lair:4
    Orc (2/2) D:11            Elf (0/3) Orc:2        Vaults (0/5) D:13
 Depths (0/4) D:15        Ossuary (visited)         Gauntlet (visited)

Altars:
Ashenzari
Cheibriados
Dithmenos
Fedhas
Hepliaklqana
Kikubaaqudgha
Makhleb
Okawaru
Qazlal
Trog
Wu Jian
Yredelemnul
Jiyva

Shops:
D:12 [   D:15 (   Orc:2 *![=!

Annotations:
D:14 3 runed translucent doors, Ejotwaer's ghost, journeyman MiFi
Lair:1 1 runed translucent door, Nexanis's ghost, journeyman TeCj
Lair:3 1 runed translucent door, Rizzler's ghost, journeyman DsEE
Swamp:4 Louise


Innate Abilities, Weirdness & Mutations

You have claws for hands.
You have a pair of large horns on your head.
You sometimes emit foul miasma when damaged in melee.
A meltable shield of frost defends you. (SH +4)
You have a tail ending in a sharp stinger.


Message History

The swamp dragon misses you. The swamp dragon closely misses you.
Your unstable footing causes you to fumble your attack.
You feel very sick. You block the swamp dragon's attack. x2
The swamp dragon tramples you but does no damage.
Your unstable footing causes you to fumble your attack.
You feel very sick.
You block the swamp dragon's attack. x2; The swamp dragon closely misses you.
You scratch the swamp dragon but do no damage.
You tail-slap the swamp dragon!
The swamp dragon is moderately wounded.
You feel sick.
You closely miss the swamp dragon. You headbutt the swamp dragon!!
The swamp dragon is heavily wounded.
You feel sick.
The swamp dragon breathes poison at you.
The blast of poison misses you.
The six-headed hydra roars!
You eviscerate the swamp dragon!!!
You kill the swamp dragon!
Trog accepts your kill.
You hear a splash.
The swamp dragon scales are intact enough to wear.
You are engulfed in poison gas.
You are more poisoned.
* * * LOW HITPOINT WARNING * * *
You feel very sick.
You hear an angry buzzing noise.
You feel much better.
You are engulfed in poison gas.
You are more poisoned.
You feel extremely sick.
You feel yourself speed up.
You are engulfed in poison gas.
You are lethally poisoned!
* * * LOW HITPOINT WARNING * * *
x2 You feel extremely sick.
Unknown command.
You are engulfed in poison gas.
You are more poisoned.
* * * LOW HITPOINT WARNING * * *
You die...

♣♣♣♣.~~§~. ♣~.♣♣ ~~.
♣♣~§.~.~~. ♣♣..♣♣
~~~~♣.~~~~§..♣♣ ♣~...♣
♣.~~~~.♣~~~~~~~.~♣♣♣..~~♣♣
~~~~~.~~~~~~~~..♣...§...♣
...~~~~~~~.~○~~~~~...~~.♣♣♣♣
~.~~~~~~~~~~~°°°~~~~§~~.♣
..~~~~§~~~~~~○○☼○~~§~~~.♣
.~..~.§~~~~~.@♣☼~~~~~~~.♣♣♣♣
♣~~...~♣)..~.♣♣♣......♣♣~..♣
♣~~§♣♣~....♣ ♣~~..:.~♣~~.♣
♣.~<~~~~♣♣ ♣♣♣D.....~~~♣♣
#♣.~~~~..♣ ♣..~♣.....~♣
#♣§♣♣~..♣♣ ♣♣~..~♣♣♣♣♣♣
♣.~♣...~♣ ♣...~~~♣ #♣.....♣♣
..~§?§♣♣ ♣.♣♣♣~.~~..~~○.♣


There were no monsters in sight!

Vanquished Creatures
  A tentacled monstrosity (Swamp:3)
  Mlioglotl (Swamp:1)
  A thorn hunter (Swamp:3)
  Kirke (Lair:3)
  A fenstrider witch (Swamp:2)
  An emperor scorpion (Spider:2)
  The ghost of TekDriveTruck the Blocker, a journeyman GnFi of Cheibriados (Orc:2)
  2 ghost moths
  A quicksilver ooze (Gauntlet)
  An eleionoma (Swamp:3)
  Azrael (D:13)
  3 dire elephants (Lair:5)
  5 bunyips
  A minotaur (Gauntlet)
  A yaktaur captain (D:13)
  6 hydras
  2 shambling mangroves
  A jorogumo (Spider:1)
  3 ghost crabs
  An anaconda (shapeshifter) (D:15)
  13 boulder beetles
  A catoblepas (D:14)
  9 alligators
  3 two-headed ogres
  8 centaur warriors
  3 radroaches
  A death yak (Lair:5)
  4 orc high priests (Orc:2)
  A vampire mage (D:15)
  A spriggan berserker (Swamp:2)
  4 tengu warriors
  Sonja (D:12)
  A spectral death yak (Lair:5)
  4 sun moths
  2 skeletal warriors (D:15)
  5 pharaoh ants
  A spectral anaconda (Lair:5)
  5 swamp dragons
  5 orb spiders
  A lindwurm (Lair:3)
  An obsidian statue (Lair:5)
  6 bog bodies
  6 steelbarb worms
  2 orc knights
  A wizard (D:14)
  A steelbarb worm (shapeshifter) (D:13)
  2 orc sorcerers (Orc:2)
  2 frost giant zombies (D:15)
  14 wolf spiders
  4 necromancers
  3 manticores
  4 deep elf pyromancers
  A fire giant zombie (D:15)
  3 ugly things
  5 cyclopes
  2 moths of wrath (Spider:2)
  3 black mambas
  A dire elephant zombie (Lair:5)
  9 demonic crawlers
  3 gargoyles
  18 elephants
  5 torpor snails
  7 komodo dragons
  11 cane toads
  2 rime drakes
  An ice devil (Gauntlet)
  2 freezing wraiths
  4 tengu conjurers
  A polar bear (Lair:5)
  5 trolls
  A bloated husk (Swamp:4)
  3 meliai (Spider:3)
  6 hornets
  24 tarantellas
  7 tyrant leeches
  7 dream sheep (Lair:4)
  9 blink frogs
  A shadow (D:13)
  8 slime creatures
  9 culicivoras
  Sigmund (D:4)
  7 jumping spiders
  2 wraiths
  A dire elephant simulacrum (Lair:5)
  2 spriggans
  4 hogs (Lair:3)
  3 vampires
  53 yaks
  5 wyverns
  4 basilisks
  12 redbacks
  2 fire elementals (D:13)
  A death yak simulacrum (Lair:5)
  9 vampire mosquitoes
  6 wargs
  13 swamp worms
  A glowing shapeshifter zombie (D:15)
  An acid dragon (D:12)
  Duvessa (D:7)
  11 water moccasins
  3 black bears
  3 hell hounds (D:13)
  2 swamp drakes (Swamp:2)
  4 ice beasts
  22 orc warriors
  5 ogres
  4 elephant zombies (Lair:5)
  22 wolves
  2 elephant skeletons (Lair:5)
  16 centaurs
  A phantom (D:6)
  6 bullfrogs
  3 kobold brigands
  4 gnoll sergeants
  6 scorpions
  A scorpion (shapeshifter) (D:11)
  A wight (D:8)
  Dowan (D:7)
  3 elephant simulacra (Lair:5)
  4 killer bees (D:8)
  2 electric eels (Lair:4)
  5 howler monkeys
  3 jellies
  5 hounds
  A gnoll bouda (D:9)
  35 orc priests
  A sleepcap (D:5)
  3 iguanas
  34 orc wizards
  8 mummies (Ossuary)
  6 adders
  25 gnolls
  4 white imps
  An ufetubus (D:5)
  3 dart slugs
  85 orcs
  6 endoplasms
  3 giant cockroaches
  A gnoll zombie (Ossuary)
  7 goblins
  8 hobgoblins
  6 jackals
  7 quokkas
  6 ball pythons
  3 bats
  3 frilled lizards
  A goblin zombie (D:3)
  7 hobgoblin zombies
  45 kobolds
  A kobold skeleton (D:3)
  3 kobold zombies
  4 orc zombies
  11 rats
907 creatures vanquished.

Vanquished Creatures (others)
  A bloated husk (Swamp:1)
  A bullfrog (Lair:3)
2 creatures vanquished.

Grand Total: 909 creatures vanquished

Notes
Turn   | Place    | Note
-------+----------+-------------------------------------------
     0 | D:1      | diecastcamel the Demonspawn Berserker began the quest for
                  | the Orb.
     0 | D:1      | Reached XP level 1. HP: 18/18 MP: 1/1
   176 | D:1      | Found a faded altar of an unknown god.
   203 | D:1      | Discovered your monstrous ancestry.
   203 | D:1      | Gained mutation: You have a pair of small horns on your
                  | head. [demonic ancestry]
   203 | D:1      | Reached XP level 2. HP: 24/24 MP: 2/2
   540 | D:1      | Reached ** piety under Trog
   850 | D:2      | Gained mutation: You have a small tail. [demonic ancestry]
   850 | D:2      | Reached XP level 3. HP: 29/29 MP: 3/3
  1286 | D:2      | Gained mutation: You have sharp fingernails. [demonic
                  | ancestry]
  1286 | D:2      | Reached XP level 4. HP: 35/35 MP: 4/4
  1643 | D:2      | Reached skill level 1 in Unarmed Combat
  1927 | D:3      | Found a snail-covered altar of Cheibriados.
  2118 | D:3      | Reached XP level 5. HP: 40/41 MP: 5/5
  2183 | D:3      | Found an ancient bone altar of Kikubaaqudgha.
  2384 | D:3      | Reached *** piety under Trog
  2808 | D:4      | You fall into a shaft and drop 3 floors!
  2829 | D:7      | Noticed a hornet
  2835 | D:7      | Paralysed by a hornet for 1 turns
  2841 | D:7      | Killed a hornet
  2842 | D:7      | Gained mutation: You have very sharp fingernails. [demonic
                  | ancestry]
  2842 | D:7      | Reached XP level 6. HP: 21/47 MP: 6/6
  2994 | D:6      | Found a stormy altar of Qazlal.
  3001 | D:5      | Entered Level 5 of the Dungeon
  3042 | D:4      | Noticed Sigmund
  3052 | D:4      | Killed Sigmund
  3053 | D:4      | Gained mutation: You may rarely emit foul miasma when
                  | damaged in melee. [demonic ancestry]
  3053 | D:4      | Reached XP level 7. HP: 41/52 MP: 7/7
  3122 | D:4      | Reached skill level 5 in Unarmed Combat
  3254 | D:4      | Found a bloodstained altar of Trog.
  3525 | D:4      | Found a basalt altar of Yredelemnul.
  3732 | D:4      | Identified the +2 leather armour of Polish {rN+ Int-3 Dex+7
                  | SInv}
  3951 | D:5      | Reached skill level 4 in Fighting
  4156 | D:5      | Gained mutation: You sometimes emit foul miasma when
                  | damaged in melee. [demonic ancestry]
  4156 | D:5      | Reached XP level 8. HP: 61/61 MP: 8/8
  4244 | D:5      | Reached **** piety under Trog
  4420 | D:5      | Found an ornate altar of the Wu Jian Council.
  4801 | D:5      | Found a broken altar of Ashenzari.
  4845 | D:5      | Found a blossoming altar of Fedhas.
  5152 | D:6      | Reached skill level 5 in Fighting
  5473 | D:6      | Found an iron altar of Okawaru.
  5487 | D:6      | Upgraded the game from 0.30.1-9-gdf580d7c3d to
                  | 0.30.1-10-g1249ef9ec4
  6350 | D:7      | Noticed Duvessa
  6359 | D:7      | Noticed Dowan
  6362 | D:7      | Killed Duvessa
  6363 | D:7      | Reached skill level 1 in Evocations
  6364 | D:7      | Killed Dowan
  6586 | D:7      | Found a staircase to the Ecumenical Temple.
  6633 | D:7      | Found a shadowy altar of Dithmenos.
  6650 | D:7      | Gained mutation: You have a pair of horns on your head.
                  | [demonic ancestry]
  6650 | D:7      | Reached XP level 9. HP: 68/68 MP: 9/9
  7053 | D:8      | Found a sand-covered staircase.
  7063 | Ossuary  | Entered an ossuary
  7500 | D:8      | Reached skill level 6 in Fighting
  8499 | D:9      | Noticed a cyclops
  8506 | D:9      | Killed a cyclops
  8507 | D:9      | Reached skill level 7 in Fighting
  8507 | D:9      | Reached skill level 5 in Armour
  8639 | D:9      | Reached XP level 10. HP: 57/79 MP: 10/10
  9124 | D:9      | Reached ***** piety under Trog
  9575 | D:10     | Entered Level 10 of the Dungeon
  9599 | D:10     | Reached skill level 1 in Shields
  9725 | D:10     | Noticed a two-headed ogre
  9984 | D:10     | Reached skill level 8 in Fighting
  9993 | D:10     | Reached skill level 10 in Unarmed Combat
 10249 | D:10     | Received a gift from Trog
 10403 | D:10     | Gained mutation: You have a pair of large horns on your
                  | head. [demonic ancestry]
 10403 | D:10     | Reached XP level 11. HP: 84/87 MP: 11/11
 10459 | D:10     | Found a hazy altar of Hepliaklqana.
 10585 | D:10     | Identified a scroll of acquirement
 10586 | D:10     | Acquired the +2 crystal plate armour "Keskakh" {MP+9}
 10685 | D:10     | Killed a two-headed ogre
 10886 | D:11     | Found a flickering gateway to a bazaar.
 10896 | D:11     | Reached skill level 9 in Fighting
 10906 | Bazaar   | Entered a bazaar
 10919 | Bazaar   | Found Faunuan's Assorted Antiques.
 10923 | Bazaar   | Found Wiost's General Store.
 10931 | Bazaar   | Found Acumuydega's Distillery.
 10938 | Bazaar   | Found Humihoev's Jewellery Boutique.
 10948 | Bazaar   | Found Letol's Jewellery Emporium.
 10969 | Bazaar   | Bought a potion of curing for 21 gold pieces
 10986 | Bazaar   | Bought a scroll of identify for 24 gold pieces
 10992 | Bazaar   | Bought a scroll of teleportation for 78 gold pieces
 11018 | Bazaar   | Bought a lightning rod (4/4) for 360 gold pieces
 11101 | D:11     | Noticed a red ugly thing
 11113 | D:11     | Killed a red ugly thing
 11388 | D:11     | Noticed a boulder beetle
 11409 | D:11     | Killed a boulder beetle
 11410 | D:11     | Reached skill level 5 in Shields
 11834 | D:11     | Found a staircase to the Lair.
 11955 | D:11     | Found a staircase to the Orcish Mines.
 12298 | D:11     | Found a bloodstained altar of Trog.
 12402 | Lair:1   | Entered Level 1 of the Lair of Beasts
 12418 | Lair:1   | Reached skill level 10 in Fighting
 12633 | Lair:1   | Found a runed translucent door.
 12634 | Lair:1   | Noticed Nexanis's ghost (journeyman TeCj)
 13344 | Lair:2   | You are sucked into a shaft and drop 2 floors!
 13371 | Lair:4   | Reached XP level 12. HP: 97/97 MP: 12/12
 13392 | Lair:3   | Noticed Kirke
 13414 | Lair:3   | Killed Kirke
 13415 | Lair:3   | Reached skill level 5 in Dodging
 13415 | Lair:3   | Received a gift from Trog
 14538 | Lair:2   | Reached skill level 11 in Fighting
 15234 | Lair:3   | Found a runed translucent door.
 15234 | Lair:3   | Noticed Rizzler's ghost (journeyman DsEE)
 15375 | Lair:3   | Found a hole to the Spider Nest.
 15400 | Lair:3   | Found the +16 obsidian axe {drain, demonic, Mesm Drain Fly
                  | SInv}
 15462 | Lair:3   | Found a staircase to the Swamp.
 15464 | Lair:3   | Noticed a four-headed hydra
 15489 | Lair:3   | Killed a four-headed hydra
 15641 | Lair:3   | Noticed a four-headed hydra
 15646 | Lair:3   | Killed a four-headed hydra
 16090 | Lair:4   | Found a staircase to the Slime Pits.
 16091 | Lair:4   | Found a viscous altar of Jiyva.
 16140 | Lair:4   | Noticed a boulder beetle
 16188 | Lair:4   | Killed a boulder beetle
 16189 | Lair:4   | Gained mutation: You have claws for hands. [demonic
                  | ancestry]
 16189 | Lair:4   | Reached XP level 13. HP: 106/106 MP: 13/13
 16369 | Lair:4   | Reached skill level 5 in Evocations
 17191 | Lair:5   | Entered Level 5 of the Lair of Beasts
 18269 | Lair:5   | Reached skill level 12 in Fighting
 18288 | Lair:5   | Received a gift from Trog
 18600 | Lair:5   | Noticed a dire elephant
 18694 | Lair:5   | Noticed a dire elephant
 18709 | Lair:5   | Killed a dire elephant
 18736 | Lair:5   | Noticed a dire elephant
 18747 | Lair:5   | Killed a dire elephant
 19496 | Lair:5   | Gained mutation: A meltable shield of frost defends you.
                  | (SH +4) [demonic ancestry]
 19496 | Lair:5   | Reached XP level 14. HP: 112/112 MP: 14/14
 20445 | Orc:1    | Entered Level 1 of the Orcish Mines
 20446 | Orc:1    | Upgraded the game from 0.30.1-10-g1249ef9ec4 to
                  | 0.30.1-11-g7821555f0a
 20612 | Orc:1    | Found a burning altar of Makhleb.
 21099 | Orc:2    | Entered Level 2 of the Orcish Mines
 21164 | Orc:2    | Found a staircase to the Elven Halls.
 21171 | Orc:2    | Received a gift from Trog
 22107 | Orc:2    | Found Cilufuepp's Distillery.
 22452 | Orc:2    | Found Vaeq Wet's Distillery.
 22452 | Orc:2    | Found Jevoemni's General Store.
 22453 | Orc:2    | Found Gidufud's Antique Armour Shop.
 22457 | Orc:2    | Found Loyffo's Jewellery Shop.
 22465 | Orc:2    | Bought the ring "Vawuxze" {rF+ rN+ Will+ Str+5} for 601
                  | gold pieces
 22511 | Orc:2    | Noticed TekDriveTruck's ghost (journeyman GnFi)
 22518 | Orc:2    | Found a transporter.
 22519 | Orc:2    | Found a transporter.
 22584 | Orc:2    | Received a gift from Trog
 23232 | Orc:2    | Killed TekDriveTruck's ghost
 23244 | Orc:2    | Reached skill level 10 in Armour
 23592 | D:12     | Found a gate leading to a gauntlet.
 23600 | Gauntlet | Entered a Gauntlet
 23600 | Gauntlet | Found a transporter.
 23609 | Gauntlet | Found a transporter.
 23624 | Gauntlet | Found a transporter.
 23626 | Gauntlet | Found a large runed translucent door.
 23626 | Gauntlet | Found a large runed translucent door.
 23627 | Gauntlet | Found a large runed translucent door.
 23627 | Gauntlet | Found a large runed translucent door.
 23628 | Gauntlet | Found a large runed translucent door.
 23628 | Gauntlet | Found a large runed translucent door.
 23628 | Gauntlet | Found a runed translucent door.
 23628 | Gauntlet | Found a runed translucent door.
 23628 | Gauntlet | Found a large runed translucent door.
 23629 | Gauntlet | Found a transporter.
 23654 | Gauntlet | Found a transporter.
 23659 | Gauntlet | Found a large runed translucent door.
 23660 | Gauntlet | Found a large runed translucent door.
 23661 | Gauntlet | Found a large runed translucent door.
 23661 | Gauntlet | Found a large runed translucent door.
 23661 | Gauntlet | Noticed a quicksilver ooze
 23662 | Gauntlet | Found a runed translucent gate.
 23663 | Gauntlet | Found a transporter.
 23663 | Gauntlet | Found a runed translucent gate.
 23664 | Gauntlet | Found a runed translucent gate.
 23665 | Gauntlet | Found a large runed translucent door.
 23665 | Gauntlet | Found a large runed translucent door.
 23666 | Gauntlet | Found a large runed translucent door.
 23667 | Gauntlet | Found a large runed translucent door.
 23675 | Gauntlet | Found a transporter.
 23687 | Gauntlet | Found a transporter.
 23699 | Gauntlet | Found a transporter.
 23711 | Gauntlet | Found a transporter.
 23728 | Gauntlet | Found a transporter.
 23746 | Gauntlet | Found a transporter.
 23748 | Gauntlet | Found a transporter.
 23773 | Gauntlet | Found a transporter.
 23775 | Gauntlet | Found a transporter.
 23795 | Gauntlet | Found a transporter.
 23869 | Gauntlet | Found a large runed translucent door.
 23873 | Gauntlet | Found a transporter.
 23893 | Gauntlet | Found a transporter.
 24141 | Gauntlet | Killed a quicksilver ooze
 24145 | Gauntlet | Identified the amulet of Bammafamu {Regen+ Int+3 Slay+2}
 24197 | Gauntlet | Reached skill level 13 in Fighting
 24269 | Gauntlet | Identified the +1 robe of Existentialism {rN+ Str+3}
 24280 | D:12     | Acquired a manual of Fighting
 24798 | D:12     | Found Cheibriados's Comfort Zone.
 24798 | D:12     | Found a snail-covered altar of Cheibriados.
 24909 | D:12     | Noticed Sonja
 24915 | D:12     | Killed Sonja
 25075 | D:13     | Reached skill level 14 in Fighting
 25079 | D:13     | Received a gift from Trog
 25256 | D:13     | Noticed Azrael
 25268 | D:13     | Killed Azrael
 25455 | D:13     | Gained mutation: You have a tail ending in a sharp stinger.
                  | [demonic ancestry]
 25455 | D:13     | Reached XP level 15. HP: 125/127 MP: 15/15
 25522 | D:13     | Found a gate to the Vaults.
 25739 | D:13     | Identified the +4 sling "Pesy" {heavy, *Slow rPois Str+3
                  | Stlth+}
 26166 | D:14     | Reached skill level 15 in Fighting
 26261 | D:14     | Found a hazy altar of Hepliaklqana.
 26431 | D:14     | Found a runed translucent gate.
 26431 | D:14     | Found a runed translucent gate.
 26431 | D:14     | Found a runed translucent gate.
 26432 | D:14     | Noticed Ejotwaer's ghost (journeyman MiFi)
 26432 | D:14     | Noticed an acid blob
 26439 | D:14     | Noticed an acid blob
 26873 | D:14     | Found a viscous altar of Jiyva.
 26910 | D:15     | Entered Level 15 of the Dungeon
 27580 | D:15     | Found Tatheicu's Weapon Shop.
 27802 | D:15     | Found a staircase to the Depths.
 27916 | D:15     | Received a gift from Trog
 28414 | Spider:1 | Entered Level 1 of the Spider Nest
 28430 | Spider:1 | Reached skill level 16 in Fighting
 29074 | Spider:1 | Identified the +1 robe of Vehumet's Outrage {SInv}
 29129 | Spider:1 | Found a transporter.
 29131 | Spider:1 | Found a transporter.
 29163 | Spider:1 | Reached skill level 17 in Fighting
 29168 | Spider:1 | Got the +0 pair of boots "Zucsaden" {*Corrode rElec Str+3}
 29443 | Spider:1 | You fall into a shaft and drop 1 floor!
 29758 | Spider:2 | Noticed an emperor scorpion
 29767 | Spider:2 | Killed an emperor scorpion
 30070 | Spider:2 | Reached XP level 16. HP: 135/141 MP: 16/16
 30552 | Spider:2 | Reached skill level 10 in Dodging
 30588 | Spider:2 | Reached ****** piety under Trog
 30884 | Spider:2 | Received a gift from Trog
 31805 | Spider:3 | Identified the +0 pair of gloves "Waradikh" {rC+ rCorr
                  | Dex+3}
 31935 | Spider:3 | Reached skill level 15 in Unarmed Combat
 32161 | Swamp:1  | Entered Level 1 of the Swamp
 32589 | Swamp:1  | Noticed Mlioglotl
 32597 | Swamp:1  | Killed Mlioglotl
 32995 | Swamp:2  | Paralysed by a fenstrider witch for 5 turns
 33359 | Swamp:1  | Reached skill level 18 in Fighting
 33583 | Swamp:3  | Noticed a thorn hunter
 33594 | Swamp:3  | Killed a thorn hunter
 33738 | Swamp:3  | Noticed a tentacled monstrosity
 33759 | Swamp:3  | Killed a tentacled monstrosity
 33787 | Swamp:3  | Received a gift from Trog
 34240 | Swamp:3  | Identified the +1 leather armour "Wazuakat" {Fly rF+ rN+
                  | Str-2}
 34287 | Swamp:4  | Entered Level 4 of the Swamp
 34357 | Swamp:4  | Reached XP level 17. HP: 119/149 MP: 17/17
 34385 | Swamp:4  | Noticed Louise
 34397 | Swamp:4  | Paralysed by a hornet for 3 turns
 34411 | Swamp:3  | HP: 3/150 [poisoned by a swamp dragon (poison gas)]
 34682 | Swamp:4  | Succumbed to poison (poison gas)

Illustrated notes

Levels and vault maps discovered:
D:1:      shiori_arrival_elements, layout_loops_cross,
          dreamdust_ecumenical_altar_grove
D:2:      layout_basic, kennysheep_generic_room_11
D:3:      layout_rooms, nicolae_tso_besieged_by_evil,
          mainiacjoe_overflow_six_doors_small,
          mainiacjoe_overflow_concentric_impassable, serial_rivers,
          chequers_serial_rivers_small_b, chequers_serial_rivers_small_a,
          chequers_serial_rivers_marsh, chequers_serial_rivers_large_a
D:4:      layout_loops_cross, marbit_many_paths, mainiacjoe_overflow_boulevard,
          uniq_sigmund
D:5:      kennysheep_kobold_camp, layout_cave_pools, fedhas_ov_isle_minmay,
          mainiacjoe_overflow_alcove_1, old_standard_altar
D:6:      layout_layer_cave, old_standard_altar, grunt_qazlal_sundering,
          lemuel_doored_altar, lemuel_flamethrower_2
D:7:      layout_cave_pools, grunt_dithmenos_smoke,
          minmay_temple_entry_stoned_glass, uniq_duvessa
D:8:      minmay_recursive_quarters, layout_rooms,
          mainiacjoe_overflow_cross_hatched, serial_corexii_hall,
          corexii_hall_statues_t, corexii_hall_statues_x,
          corexii_hall_statues_deadend, corexii_hall_statues_s,
          lightli_ossuary_entry_decrepit_ruins, minmay_misc_feat_five
D:9:      layout_rooms, lightli_minifort
D:10:     layout_roguey, pf_just_have_faith
D:11:     layout_long_grid, lair_entry_dummy, orc_0_dummy, serial_shops,
          bzr_entry_customers, minmay_misc_feat_plants, trog_butcher_becter
D:12:     layout_roguey, gauntlet_entry_generic, minmay_shop_chei, uniq_sonja
D:13:     minmay_the_grid_4x2 [minmay_the_grid_fan, minmay_the_grid_eight,
          minmay_the_grid_diamond_grid, minmay_the_grid_minigrid_small_alt,
          minmay_the_grid_outer_diamond, minmay_the_grid_empty,
          minmay_the_grid_x, minmay_the_grid_prize_big_room], layout_stronghold,
          serial_column_ruins, column_ruins_pillar_6, column_ruins_pillar_3,
          column_ruins_pillar_4, column_ruins_pillar_2, column_ruins_pillar_3,
          column_ruins_pillar_1, column_ruins_pillar_12, column_ruins_pillar_3,
          column_ruins_pillar_3, column_ruins_pillar_6, column_ruins_pillar_6,
          column_ruins_pillar_2, uniq_azrael
D:14:     layout_loops_cross, gammafunk_ghost_ooze, nzn_hepliaklqana_mist_gate,
          nicolae_water_bricks
D:15:     gammafunk_depths_entry_grave, layout_basic, serial_shops, shop,
          small_statue_alley_a
Lair:1:   layout_regular_city, ebering_ghost_inner_flame, lemuel_fruit_tree
Lair:2:   layout_gridlike
Lair:3:   layout_cave_pods, swamp_mist_pool, nicolae_spider_entry_orb_guardian,
          gammafunk_ghost_grave, hangedman_lair_unloving_vines, uniq_kirke
Lair:4:   layout_regular_city, slime_entry_1, chequers_serial_rivers_marsh,
          wad_woods_river_01
Lair:5:   due_jungle_book, layout_misc_corridors, grunt_megastairs_1
Swamp:1:  layout_falls_marsh, nicolae_swamp_decorative_isthmus, swamp_pool3,
          infiniplex_staircase_pool, uniq_mlioglotl
Swamp:2:  layout_basic_swamp, evilmike_swamp_ruin_house_4
Swamp:3:  layout_basic_swamp, evilmike_swamp_ruin_rubble_1, swamp_pool4
Swamp:4:  swamp, layout_basic_swamp, swamp_pool4, uniq_louise
Spider:1: gammafunk_boulding_lane, hangedman_spider_tarantella_strand
Spider:2: layout_spider_delve, nicolae_spider_solar_radiation
Spider:3: layout_spider_delve, worms_lemuel
Orc:1:    layout_diamond_mine, basic_altar
Orc:2:    st_orc_mages, layout_caves, serial_shops, shop, gammafunk_ghost_arena,
          nicolae_orc_pool_cavern

Skill      XL: |  1  2  3  4  5  6  7  8  9 10 11 12 13 14 15 16 |
---------------+-------------------------------------------------+-----
Axes           | 3 4 |  4.5
Unarmed Combat | 2 4 5 7 8 10 11 12 13 14 15 | 15.4
Armour         | 2 3 4 5 6 8 9 10 11 | 11.9
Fighting       | 4 5 7 8 10 11 12 14 17 18 | 18.2
Dodging        | 2 3 4 6 8 9 11 | 11.1
Evocations     | 2 4 7 8 |  8.0
Shields        | 3 5 7 9 |  9.5

Action                     |  1- 3 |  4- 6 |  7- 9 | 10-12 | 13-15 | 16-18 || total
---------------------------+-------+-------+-------+-------+-------+-------++-------
  Melee: Hand axe          |    92 |       |       |       |       |       ||    92
         Headbutt          |     8 |    23 |    56 |   135 |   317 |   108 ||   647
         Tailslap          |     2 |    22 |    47 |    94 |   205 |    71 ||   441
         Unarmed           |       |   168 |   372 |   578 |  1197 |   426 ||  2741
         Punch             |       |     1 |    12 |     5 |       |       ||    18
  Throw: Dart              |       |     7 |     9 |    37 |    15 |     4 ||    72
         Stone             |       |     2 |       |       |       |       ||     2
         Throwing net      |       |     1 |       |       |       |       ||     1
 Invoke: Berserk           |     3 |     2 |     1 |     1 |     2 |       ||     9
         Trog's Hand       |       |     1 |     2 |     4 |    10 |     2 ||    19
  Evoke: Wand              |       |       |     7 |    14 |    28 |    21 ||    70
         Lightning rod     |       |       |       |     2 |     3 |       ||     5
         Tin of tremorston |       |       |       |       |     1 |     4 ||     5
         Phantom mirror    |       |       |       |       |       |     1 ||     1
    Use: Scroll            |       |     3 |    11 |    11 |    11 |     6 ||    42
         Potion            |       |       |     1 |     1 |     4 |    14 ||    20
   Stab: Invisible         |       |       |       |     1 |     6 |       ||     7
         Distracted        |       |       |       |       |     1 |       ||     1
 Armour: Animal skin       |     5 |       |       |       |       |       ||     5
         Ring mail         |    14 |    26 |       |       |       |       ||    40
         Chain mail        |       |     2 |     5 |       |       |       ||     7
         Plate armour      |       |       |   150 |    72 |       |       ||   222
         Crystal plate arm |       |       |       |   174 |   460 |   316 ||   950
  Dodge: Dodged            |    49 |    61 |    92 |    72 |   360 |   281 ||   915
  Block: Other             |       |    32 |    82 |    11 |       |       ||   125
         Reflection        |       |     1 |     6 |    12 |    11 |       ||    30
         Buckler           |       |       |       |   178 |   363 |       ||   541
         Kite shield       |       |       |       |       |   150 |   338 ||   488
